 Dungeon Crawl Stone Soup version 0.17.1-1-g73c8601 (webtiles) character file.

210 Runnr the Covered (level 5, 0/34 HPs)
             Began as a Gargoyle Fighter on Jan 2, 2016.
             Was an Initiate of Makhleb.
             Slain by a gnoll
             ... wielding a +0 halberd
              (10 damage)
             ... on level 3 of the Dungeon.
             The game lasted 00:05:21 (2199 turns).

Runnr the Covered (Gargoyle Fighter)                Turns: 2199, Time: 00:05:22

Health: 0/34       AC: 12    Str: 20    XL:     5   Next: 87%
Magic:  5/5        EV:  7    Int:  8    God:    Makhleb [......]
Gold:   130        SH:  9    Dex: 10    Spells: 0 memorised, 4 levels left

rFire  . . .     SeeInvis .     a - +0 war axe
rCold  . . .     Clarity  .     b - +0 scale mail
rNeg   + . .     SustAt   .     c - +0 shield
rPois  ∞         Gourm    .     (no helmet)
rElec  +         Spirit   .     t - +0 cloak
rCorr  .         Warding  .     (no gloves)
rMut   .         Stasis   .     (no boots)
MR     .....                    (no amulet)
Stlth  ..........               (no ring)
                                (no ring)

@: not resistant to hostile enchantments, extremely unstealthy
A: negative energy resistance 1, electricity resistance, unbreathing,
petrification resistance, rot immunity, AC +4
a: Renounce Religion


You were on level 3 of the Dungeon.
You worshipped Makhleb.
Makhleb was noncommittal.
You were full.

You visited 1 branch of the dungeon, and saw 3 of its levels.

You collected 130 gold pieces.

Inventory:

Hand Weapons
 a - a +0 war axe (weapon)
Armour
 b - a +0 scale mail (worn)
 c - a +0 shield (worn)
 t - a +0 cloak (worn)
Wands
 r - a wand of enslavement (10)
Scrolls
 f - 2 scrolls of blinking {unknown}
 g - a scroll of noise {unknown}
 h - 4 scrolls of identify {unknown}
 i - 2 scrolls of remove curse {unknown}
 j - a scroll of immolation {unknown}
 o - a scroll of teleportation {unknown}
 s - a scroll of recharging {unknown}
 u - a scroll of fear {unknown}
Potions
 d - a potion of might
 k - 2 potions of heal wounds {unknown}
 m - a potion of magic {unknown}
 p - a potion of ambrosia {unknown}
 q - a potion of haste
 w - a potion of poison {unknown}
Comestibles
 e - a bread ration
 l - 2 fruits
 n - a meat ration
 v - 5 chunks of flesh


   Skills:
 + Level 4.4 Fighting
 + Level 2.9 Axes
 + Level 4.6 Armour
 + Level 4.4 Shields


You had 4 spell levels left.
You didn't know any spells.

Dungeon Overview and Level Annotations

Branches:
Dungeon (3/15)

Altars:
Cheibriados
Makhleb


Innate Abilities, Weirdness & Mutations

You are resistant to torment.
Your stone body is resilient (AC +4).
You are immune to poison.
You resist negative energy.
You are resistant to electric shocks.
You can survive without breathing.
You are immune to petrification.
You are immune to rotting.


Message History

You block the gnoll's attack. x2
The gnoll hits you but does no damage. The gnoll hits you with a flail.
The gnoll hits you but does no damage. You block the gnoll's attack.
The gnoll hits you with a flail. The gnoll hits you but does no damage.
The gnoll hits you with a flail!
* * * LOW HITPOINT WARNING * * *
You block the gnoll's attack.
You hit the gnoll.
You kill the gnoll!
Makhleb accepts your kill. The gnoll barely misses you.
You see here a stone.
The gnoll picks up a potion of haste.
The gnoll drinks a potion.
The gnoll seems to speed up.
Things that are here:
a flail; a ring mail; an orc corpse You block the gnoll's attack.
The gnoll hits you from afar with a halberd!
You die...

### ### ### #.# #.# #.#
######.########.####.#########
..............................
#########..#######..###.#.#####.#
...........#######..###.#.#####.#
#.#######........................
..........K...g.@................
#.#####......g...................
#.# #.#..........)....#.###.#.#
#g# #.........................#
#g# #.###.##...................
#.# #.# #.##.#.#>.#.#.#.#...#.#
#K# #.# #+##.#.#..#.#.#.#...#.#
#.# #.# #.#.#..#.#.#.#...#.# #.#
#.# #..#.#.#.#...#))


You could see 2 gnolls and a kobold.

Vanquished Creatures
  A giant frog skeleton (D:3)
  6 adders
  5 gnolls (D:3)
  2 worms
  4 giant geckos
  4 orcs (D:3)
  8 bats
  2 giant cockroaches (D:2)
  6 hobgoblins
  6 jackals
  3 quokkas
  2 giant newts
  7 goblins
  4 kobolds
  13 rats
73 creatures vanquished.

Notes
Turn   | Place    | Note
--------------------------------------------------------------
     0 | D:1      | Runnr the Gargoyle Fighter began the quest for the Orb.
     0 | D:1      | Reached XP level 1. HP: 14/14 MP: 1/1
   208 | D:1      | Reached XP level 2. HP: 17/19 MP: 2/2
   687 | D:2      | Reached XP level 3. HP: 21/23 MP: 3/3
   920 | D:2      | Reached skill level 4 in Shields
   958 | D:2      | Reached XP level 4. HP: 29/29 MP: 4/4
  1119 | D:2      | Found a snail-covered altar of Cheibriados.
  1390 | D:3      | Reached XP level 5. HP: 29/33 MP: 5/5
  1648 | D:3      | Found a burning altar of Makhleb.
  1683 | D:3      | Became a worshipper of Makhleb the Destroyer
  2199 | D:3      | Slain by a gnoll

Action                   |  1- 3 |  4- 6 || total
-------------------------+-------+-------++-------
Melee: War axe           |   109 |   147 ||   256
  Eat: Chunk             |       |     5 ||     5
       Bread ration      |       |     1 ||     1
